 Dungeon Sprint DCSS version 0.20-a0-268-gb6bde61 (webtiles) character file.

44 esc the Vexing (level 3, -2/14 HPs)
             Began as a Felid Enchanter on Dec 7, 2016.
             Was a Follower of Lugonu.
             Slain by a naga
             ... wielding a +0 mace
              (16 damage)
             ... in the Dungeon (Sprint V: "Ziggurat Sprint").
             The game lasted 00:01:45 (138 turns).

esc the Vexing (Felid Enchanter)                     Turns: 138, Time: 00:01:46

Health: -2/14      AC:  1    Str:  4    XL:     3   Next: 41%
Magic:  10/10      EV: 25    Int: 17    God:    Lugonu [*.....]
Gold:   0          SH:  0    Dex: 28    Spells: 8/11 levels left
                                        Lives:  0   Deaths: 1

rFire  . . .     SeeInvis +       - Unarmed
rCold  . . .     Gourm    .     (armour unavailable)
rNeg   . . .     Faith    .     (shield unavailable)
rPois  .         Spirit   .     (helmet unavailable)
rElec  .         Reflect  .     (cloak unavailable)
rCorr  .         Harm     .     (gloves unavailable)
MR     .....     NoTele   +     (boots unavailable)
Stlth  +++++.....               (no amulet)
                                x - +6 ring of dexterity
                                w - +6 ring of dexterity

@: quick
A: no armour, no weapons or thrown items, stealth, claws 1, fangs 3, see
invisible, carnivore 3, speed 1, shaggy fur 1, slow metabolism 1, sharp paws
a: Renounce Religion


You were in the Dungeon.
You worshipped Lugonu.
Lugonu was aware of your devotion.
You were not hungry.

You visited 1 branch

Inventory:

Jewellery
 w - a +6 ring of dexterity (left paw)
   (You found it in the Dungeon)
 x - a +6 ring of dexterity (right paw)
   (You found it in the Dungeon)
 y - a +6 ring of intelligence
   (You found it in the Dungeon)
 z - a +6 ring of intelligence
   (You found it in the Dungeon)
 A - a +6 ring of strength
   (You found it in the Dungeon)
 B - a +6 ring of strength
   (You found it in the Dungeon)
Wands
 D - a wand of disintegration (7/24)
   (You found it in the Dungeon)
 E - a wand of iceblast (5/15)
   (You found it in the Dungeon)
 F - a wand of lightning (5/15)
   (You found it in the Dungeon)
 G - a wand of acid (5/15)
   (You found it in the Dungeon)
Scrolls
 h - 4 scrolls of blinking {!r}
 o - 4 scrolls of amnesia
 p - 3 scrolls of recharging
 q - 7 scrolls of fog
 r - 2 scrolls of holy word {!r}
 s - 5 scrolls of identify
 t - 5 scrolls of remove curse
 u - 2 scrolls of fear
Potions
 c - 10 potions of curing
 d - 10 potions of heal wounds
 e - 6 potions of haste
 f - 7 potions of magic
 g - 3 potions of berserk rage {!q}
 i - 2 potions of brilliance
 j - 2 potions of invisibility
 k - 4 potions of resistance
 m - 5 potions of agility
 n - 5 potions of might
Books
 a - a book of Maledictions
Miscellaneous
 v - a disc of storms
   (You found it in the Dungeon)
 C - a crystal ball of energy
   (You found it in the Dungeon)
Comestibles
 b - 5 meat rations {@e2}


   Skills:
 + Level 6.6 Dodging
 + Level 7.7 Stealth
 + Level 4.4 Unarmed Combat
 + Level 4.5 Spellcasting
 + Level 7.9 Hexes


You had 8 spell levels left.
You knew the following spells:

 Your Spells              Type           Power        Failure   Level  Hunger
a - Ensorcelled Hibernat  Hex/Ice        ###...       4%          2    ##.....
v - Corona                Hex            ####...      1%          1    None


Dungeon Overview and Level Annotations

Branches:
Dungeon (1/1)

Altars:
Ashenzari
Cheibriados
Dithmenos
Elyvilon
Fedhas
Gozag
Hepliaklqana
Kikubaaqudgha
Makhleb
Nemelex Xobeh
Okawaru
Qazlal
Ru
Sif Muna
Trog
Uskayaw
Vehumet
Xom
Yredelemnul
Zin
The Shining One
Beogh
Jiyva
Lugonu


Innate Abilities, Weirdness & Mutations

You cannot wear armour.
You are incapable of wielding weapons or throwing items.
Your paws allow you to move quietly. (Stealth)
You have sharp claws.
You have razor-sharp teeth.
You have supernaturally acute eyesight. (SInv)
You are carnivorous and can eat meat at any time.
You cover ground quickly.
You are covered in fur. (AC +1)
You have a slow metabolism.
Your sharp claws are effective at attacking unaware monsters.


Message History

You have reached level 2!
Health restored: 11 Memorise Ensorcelled Hibernation, consuming 2 spell levels and leaving 5?
You start memorising the spell.
You continue memorising. x2
You finish memorising.
Spell assigned to 'a'.
You start resting.
MP restored: 7 Your surroundings seem different!
Welcome to arena 1.
A necrophage and a zombie come into view.
You pounce on the unaware helpless necrophage!
You mangle the necrophage!!
You destroy the necrophage!
Lugonu accepts your kill.
Your Dodging skill increases to level 6!
Your Stealth skill increases to level 7!
Your Unarmed Combat skill increases to level 4!
Your Spellcasting skill increases to level 4!
Your Hexes skill increases to level 7!
You have reached level 3!
Your experience leads to an increase in your attributes!
Your base attributes are Str 4, Int 16, Dex 16.
Increase (S)trength, (I)ntelligence, or (D)exterity?
You feel clever.
You have reached level 4!
Extra life!
The adder zombie completely misses you.
Health restored: 18 You scratch the adder zombie.
The adder zombie completely misses you.
You claw the adder zombie! You claw the adder zombie.
You destroy the adder zombie!
Lugonu accepts your kill.
r - 2 scrolls of holy word {!r} (gained 1)
You see here a +4 arbalest of flaming.
You start resting.
MP restored: 11 Your surroundings seem different!
Welcome to arena 2.
A ball python, a water moccasin and a naga come into view.
The naga shouts!
The ball python hisses angrily.
The ball python misses you. x2; The water moccasin misses you.
The naga spits poison at you. The splash of poison misses you.
The water moccasin bites you!
You are lethally poisoned!
The water moccasin poisons you!
The ball python completely misses you. x2
The naga barely misses you. The naga completely misses you.
The water moccasin closely misses you. The ball python barely misses you.
The ball python completely misses you.
You take 7 damage, and have 11/18 hp.
MASSIVE DAMAGE!!
You feel sick. The naga completely misses you. The naga misses you.
The water moccasin barely misses you.
You take 1 damage, and have 10/18 hp.
You feel sick. The water moccasin closely misses you.
You take 1 damage, and have 9/18 hp.
The water moccasin completely misses you.
You feel sick.
The water moccasin completely misses you.
The ball python completely misses you. x2
You take 1 damage, and have 8/18 hp.
You feel sick.
The water moccasin completely misses you.
The water moccasin bites you. The ball python misses you.
The ball python completely misses you.
You take 2 damage, and have 6/18 hp.
The water moccasin completely misses you.
The ball python misses you. The ball python grabs you.
* * * LOW HITPOINT WARNING * * *
The ball python constricts you.
You take 1 damage, and have 5/18 hp.
* * * LOW HITPOINT WARNING * * *
You feel sick. The water moccasin misses you.
The ball python completely misses you.
* * * LOW HITPOINT WARNING * * *
The ball python constricts you. The water moccasin misses you.
You take 2 damage, and have 3/18 hp.
The ball python misses you. The ball python constricts you.
The water moccasin bites you!
You die...
You are more poisoned.
The water moccasin poisons you!
You are now level 3!
You rejoin the land of the living...
Something loses its grip on you.
Health restored: 14 You now have 10/10 mp.
Okay, then.
Your surroundings seem different!
Welcome to arena 2.
The naga spits poison at you. The splash of poison misses you.
The water moccasin completely misses you.
The ball python closely misses you. The ball python completely misses you.
The water moccasin closely misses you.
The water moccasin completely misses you.
The naga completely misses you. x2
The water moccasin closely misses you. The naga barely misses you. x2
The water moccasin misses you. The naga hits you with a mace!
Ouch! That really hurt!
You die...

▓▓▓▓▓▓▓▓▓▓▓▓▓
▓†8©8.▓.8©8.▓
▓.)|:.▓.....▓
▓@S...▓...).▓
▓SN...▓.....▓
▓.....▓.....▓
▓.....▓.....▓
▓.....▓▓▓▓▓▓▓
▓▓▓▓▓▓▓


You could see a water moccasin, a naga and a ball python.

Vanquished Creatures
  A necrophage (D)
  An adder zombie (D)
2 creatures vanquished.

Notes
Turn   | Place    | Note
-------+----------+-------------------------------------------
     0 | D        | esc the Felid Enchanter began the quest for the Orb.
     0 | D        | Reached XP level 1. HP: 7/7 MP: 4/4
     0 | D        | Found a deep blue altar of Sif Muna.
     0 | D        | Found a sacrificial altar of Ru.
     0 | D        | Found a bloodstained altar of Trog.
     0 | D        | Found a stormy altar of Qazlal.
     0 | D        | Found an iron altar of Okawaru.
     0 | D        | Found a sparkling altar of Nemelex Xobeh.
     0 | D        | Found a blossoming altar of Fedhas.
     2 | D        | Found an ancient bone altar of Kikubaaqudgha.
     2 | D        | Found a viscous altar of Jiyva.
     2 | D        | Found a corrupted altar of Lugonu.
     2 | D        | Found a hazy altar of Hepliaklqana.
     2 | D        | Found a burning altar of Makhleb.
     2 | D        | Found an opulent altar of Gozag.
    49 | D        | Became a worshipper of Lugonu the Unformed
    49 | D        | Reached * piety under Lugonu
    56 | D        | Reached skill level 5 in Dodging
    56 | D        | Reached skill level 6 in Stealth
    56 | D        | Reached skill level 3 in Unarmed Combat
    56 | D        | Reached skill level 3 in Spellcasting
    56 | D        | Reached skill level 6 in Hexes
    56 | D        | Reached XP level 2. HP: 11/11 MP: 4/7
    60 | D        | Learned a level 2 spell: Ensorcelled Hibernation
    87 | D        | Entered arena 1.
    87 | D        | Noticed a necrophage
    90 | D        | Killed a necrophage
    90 | D        | Reached skill level 6 in Dodging
    90 | D        | Reached skill level 7 in Stealth
    90 | D        | Reached skill level 4 in Unarmed Combat
    90 | D        | Reached skill level 4 in Spellcasting
    90 | D        | Reached skill level 7 in Hexes
    90 | D        | Reached XP level 3. HP: 14/14 MP: 7/9
    90 | D        | Reached XP level 4. HP: 18/18 MP: 8/11
   117 | D        | Entered arena 2.
   117 | D        | Noticed a water moccasin
   117 | D        | Noticed a naga
   129 | D        | HP: 4/18 [poisoned by a water moccasin]
   130 | D        | Slain by a water moccasin
   131 | D        | Reached XP level 3. HP: -4/14 MP: 10/10
   131 | D        | Entered arena 2.
   138 | D        | Slain by a naga

Vault maps used:
D:        sprint_v

Skill      XL: |  1  2 |
---------------+-------+-----
Dodging        | 5 6 |  6.6
Stealth        | 6 7 |  7.7
Unarmed Combat | 3 4 |  4.4
Spellcasting   | 3 4 |  4.5
Hexes          | 6 7 |  7.9

Action                   |  1- 3 |  4- 6 || total
-------------------------+-------+-------++-------
Melee: Unarmed           |     1 |     2 ||     3
       Punch             |       |     1 ||     1
  Use: Potion            |     1 |       ||     1
 Stab: Sleeping          |     1 |       ||     1
Dodge: Dodged            |    12 |    30 ||    42

Vault maps used:
D:        sprint_v

Table legend:
 A = Turns spent in this place as a percentage of turns spent in the entire game.
 B = Non-inter-level travel turns spent in this place as a percentage of non-inter-level travel turns spent in the entire game.
 C = Inter-level travel turns spent in this place as a percentage of turns spent in this place.
 D = Turns resting spent in this place as a percentage of non-inter-level travel turns spent in this place.
 E = Turns spent auto-exploring this place as a percentage of non-inter-level travel turns spent in this place.
 F = Non-inter-level travel turns spent in this place divided by the number of levels of this place that you've seen.
                   A       B       C       D       E      F
               +-------+-------+-------+-------+-------+----------------------
         Total | 100.0 | 100.0 |   0.0 |   4.2 |   0.0 |  95.0
       Dungeon | 100.0 | 100.0 |   0.0 |   4.2 |   0.0 |  95.0
               +-------+-------+-------+-------+-------+----------------------

Table legend:
 A = Kills in this place as a percentage of kills in entire the game.
 B = Kills by you in this place as a percentage of kills by you in the entire game.
 C = Kills by friends in this place as a percentage of kills by friends in the entire game.
 D = Other kills in this place as a percentage of other kills in the entire game.
 E = Experience gained in this place as a percentage of experience gained in the entire game.
 F = Experience gained in this place divided by the number of levels of this place that you have seen.
                   A       B       C       D       E      F
               +-------+-------+-------+-------+-------+----------------------
         Total | 100.0 | 100.0 |  -nan |  -nan | 100.0 | 127.0
       Dungeon | 100.0 | 100.0 |  -nan |  -nan | 100.0 | 127.0
               +-------+-------+-------+-------+-------+----------------------
